 Dungeon Crawl Stone Soup version 0.20.1-1-g8b1a95d (webtiles) character file.

1894 Folque the Magician (level 9, -8/59 HPs)
             Began as a Human Conjurer on Dec 9, 2017.
             Was a Believer of Sif Muna.
             Killed from afar by an electric eel (14 damage)
             ... with a bolt of electricity
             ... on level 7 of the Dungeon on Dec 10, 2017.
             The game lasted 00:32:50 (7558 turns).

Folque the Magician (Human Conjurer)                Turns: 7558, Time: 00:32:51

Health: -8/59      AC:  6    Str: 11    XL:     9   Next: 37%
Magic:  18/20      EV: 11    Int: 19    God:    Sif Muna [**....]
Gold:   294        SH:  0    Dex: 14    Spells: 13/23 levels left

rFire    . . .     SeeInvis .   J - +1 dagger (chaos)
rCold    . . .     Gourm    .   (no shield)
rNeg     . . .     Faith    .   L - +0 ring mail
rPois    +         Spirit   .   (no helmet)
rElec    .         Reflect  .   (no cloak)
rCorr    .         Harm     .   (no gloves)
MR       .....                  (no boots)
Stlth    +.........             (no amulet)
Regen    0.2/turn               k - ring of poison resistance
MPRegen  0.2/turn               l - +3 ring of strength

@: divine energy
A: no striking features
a: Stop Divine Energy, Renounce Religion


You were on level 7 of the Dungeon.
You worshipped Sif Muna.
Sif Muna was pleased with you.
You were hungry.

You visited 2 branches of the dungeon, and saw 8 of its levels.

You collected 294 gold pieces.

Inventory:

Hand Weapons
 d - a +0 club
 e - a +0 short sword
 n - a +2 long sword of holy wrath
 H - a +0 falchion
 J - a +1 dagger of chaos (weapon)
Armour
 a - a +1 robe
 L - a +0 ring mail (worn)
Jewellery
 k - a ring of poison resistance (left hand)
 l - a +3 ring of strength (right hand)
 p - an uncursed ring of fire
 y - a cursed -3 ring of evasion {unknown}
 F - a +3 ring of dexterity {unknown}
Wands
 C - a wand of polymorph (15/24)
 M - a wand of flame (20/48)
Scrolls
 g - 2 scrolls of remove curse {unknown}
 h - 4 scrolls of random uselessness {unknown}
 i - a scroll of identify
 m - a scroll of noise {unknown}
 o - a scroll of teleportation {unknown}
 r - 2 scrolls of immolation
 v - a scroll of amnesia
 x - a scroll of recharging
 E - a scroll of enchant armour
 K - a scroll of vulnerability {unknown}
Potions
 f - a potion of resistance {unknown}
 j - 3 potions of lignification {unknown}
 q - a potion of brilliance {unknown}
 s - a potion of invisibility {unknown}
 u - 3 potions of heal wounds {unknown}
 w - a potion of mutation {unknown}
 z - 2 potions of might {unknown}
 B - 3 potions of flight {unknown}
 D - 2 potions of degeneration {unknown}
 I - a potion of haste {unknown}
Books
 b - a book of Conjurations

   Spells                             Type                      Level
   a - Magic Dart                     Conjuration                  1
   b - Searing Ray                    Conjuration                  2
   c - Dazzling Spray                 Conjuration/Hexes            3
   d - Fulminant Prism                Conjuration/Hexes            4
   e - Force Lance                    Conjuration/Translocation    4
   f - Iskenderun's Mystic Blast      Conjuration                  4
Comestibles
 c - 5 bread rations
 t - 3 fruits
 A - 2 royal jellies
 G - 3 meat rations


   Skills:
 - Level 1.0 Fighting
 * Level 4.8 Armour
 - Level 2.0 Dodging
 - Level 2.0 Stealth
 * Level 7.7 Spellcasting
 + Level 7.5 Conjurations
 - Level 1.0 Hexes


You had 13 spell levels left.
You knew the following spells:

 Your Spells              Type           Power        Failure   Level  Hunger
a - Magic Dart            Conj           ####         1%          1    None
b - Searing Ray           Conj           #####.       1%          2    None
c - Dazzling Spray        Conj/Hex       ###...       11%         3    #......
d - Iskenderun's Mystic   Conj           #####...     9%          4    ###....


Dungeon Overview and Level Annotations

Branches:
Dungeon (7/15)             Temple (1/1) D:6

Altars:
Ashenzari
Cheibriados
Dithmenos
Elyvilon
Fedhas
Gozag
Hepliaklqana
Kikubaaqudgha
Makhleb
Nemelex Xobeh
Qazlal
Ru
Sif Muna
Trog
Uskayaw
Vehumet
Xom
Yredelemnul
Zin
The Shining One
Lugonu

Annotations:
D:3 Grinder


Message History

Aim: an electric eel (water)
Okay, then.
The electric eel shoots out a bolt of lightning at you!
The bolt of electricity hits the plant.
The bolt of electricity hits you!
The electric eel shoots out a bolt of lightning at you!
The bolt of electricity hits you!
Casting: Dazzling Spray
Confirm with . or Enter, or press ? or * to list all spells.
You can't see any susceptible monsters within range! (Use Z to cast anyway.)
The electric eel shoots out a bolt of lightning at you!
The bolt of electricity hits the plant.
The bolt of electricity hits you!
The electric eel shoots out a bolt of lightning at you!
The bolt of electricity hits you!
* * * LOW HITPOINT WARNING * * *
The electric eel shoots out a bolt of lightning at you!
The bolt of electricity hits the plant.
The bolt of electricity hits you!
* * * LOW HITPOINT WARNING * * *
The electric eel shoots out a bolt of lightning at you!
The bolt of electricity hits you!
You die...

##+## .# ##...## #.#
##.....## ####.#
##....)..## ##.##.#
#..@..>...####...#.#
♣.?.......'........#
♣≈♣≈♣≈.....####...#.#
≈≈
♣P♣≈♣≈..##........#
≈≈≈
≈P≈≈♣≈≈###.######.#
≈≈ ≈≈≈♣≈≈≈P# #.# ##.#
≈ ≈;;P≈≈≈P≈♣ #.#
###... ≈≈≈≈≈≈;♣≈≈P
#.###.....
≈≈≈≈≈≈P≈PP♣#.........


You could see 3 electric eels.

Vanquished Creatures
  The ghost of Gremour the Carver, a novice DsFi of Yredelemnul (D:6)
  A hippogriff (D:7)
  A water moccasin (D:6)
  2 ogres
  A centaur (D:6)
  4 bullfrogs (D:6)
  2 scorpions
  4 crimson imps
  A jelly (D:6)
  A bullfrog skeleton (D:5)
  2 hounds
  2 orc wizards
  Jessica (D:3)
  An iguana (D:5)
  Ijyb (D:3)
  A worker ant (D:7)
  A hound zombie (D:6)
  2 hound skeletons
  A howler monkey skeleton (D:6)
  3 adders
  2 adder zombies
  8 worms
  2 dart slugs (D:2)
  6 leopard geckos
  7 orcs
  6 giant cockroaches
  11 goblins
  6 hobgoblins
  4 jackals (D:6)
  5 kobolds
  4 quokkas
  8 ball pythons
  10 bats
  6 frilled lizards
  2 quokka skeletons (D:4)
  9 rats
129 creatures vanquished.

Notes
Turn   | Place    | Note
-------+----------+-------------------------------------------
     0 | D:1      | Folque the Human Conjurer began the quest for the Orb.
     0 | D:1      | Reached XP level 1. HP: 13/13 MP: 3/3
   212 | D:1      | Reached XP level 2. HP: 17/20 MP: 0/5
   286 | D:1      | Found a shattered altar of Ashenzari.
   424 | D:1      | Reached skill level 1 in Fighting
   517 | D:1      | Reached XP level 3. HP: 26/26 MP: 4/6
   542 | D:1      | Learned a level 2 spell: Searing Ray
   546 | D:1      | Learned a level 3 spell: Dazzling Spray
  1473 | D:2      | Reached skill level 1 in Hexes
  1532 | D:2      | Reached XP level 4. HP: 32/32 MP: 2/7
  1595 | D:2      | Found a faded altar of an unknown god.
  1654 | D:2      | Found a sparkling altar of Nemelex Xobeh.
  1861 | D:2      | Found a deep blue altar of Sif Muna.
  1865 | D:2      | Became a worshipper of Sif Muna the Loreminder
  2340 | D:3      | Noticed Jessica
  2349 | D:3      | Killed Jessica
  2349 | D:3      | Reached skill level 5 in Conjurations
  2349 | D:3      | Reached XP level 5. HP: 26/37 MP: 4/9
  2446 | D:3      | Noticed Ijyb
  2456 | D:3      | Killed Ijyb
  2657 | D:3      | Found an opulent altar of Gozag.
  2657 | D:3      | Found a glowing silver altar of Zin.
  2883 | D:3      | Found a basalt altar of Yredelemnul.
  2885 | D:3      | Noticed a profane servitor
  2896 | D:3      | Found a glowing golden altar of the Shining One.
  2906 | D:3      | Noticed an angel
  3145 | D:4      | Found a shadowy altar of Dithmenos.
  3182 | D:4      | Learned a level 4 spell: Iskenderun's Mystic Blast
  3210 | D:4      | Noticed Grinder
  3313 | D:4      | Noticed Grinder
  3313 | D:4      | Grinder changed into Grinder the orange demon
  3884 | D:4      | Reached XP level 6. HP: 41/43 MP: 7/11
  4124 | D:4      | Reached * piety under Sif Muna
  4246 | D:4      | Found a shimmering altar of Xom.
  4247 | D:4      | Found a burning altar of Makhleb.
  4456 | D:5      | Entered Level 5 of the Dungeon
  4557 | D:5      | Reached XP level 7. HP: 47/48 MP: 9/13
  4809 | D:5      | Reached skill level 5 in Spellcasting
  5249 | D:6      | Found a staircase to the Ecumenical Temple.
  5445 | D:6      | Reached XP level 8. HP: 34/54 MP: 5/17
  5459 | D:6      | Reached skill level 1 in Armour
  5520 | D:6      | Reached ** piety under Sif Muna
  5579 | D:6      | Noticed Gremour's ghost (novice DsFi)
  5600 | Temple   | Entered the Ecumenical Temple
  6069 | D:6      | Found a glowing silver altar of Zin.
  6602 | D:6      | Killed Gremour's ghost
  6602 | D:6      | Reached XP level 9. HP: 51/59 MP: 3/19
  6789 | D:6      | Noticed a moth of wrath
  6791 | D:6      | Found a bloodstained altar of Trog.
  7193 | D:7      | Noticed a hippogriff
  7201 | D:7      | Killed a hippogriff
  7208 | D:7      | Found a blossoming altar of Fedhas.
  7382 | D:7      | Found an ancient bone altar of Kikubaaqudgha.
  7558 | D:7      | Killed from afar by an electric eel

Skill      XL: |  1  2  3  4  5  6  7  8  9 |
---------------+----------------------------+-----
Fighting       | 1 |  1.0
Hexes          | 1 |  1.0
Conjurations   | 5 6 7 |  7.5
Spellcasting   | 3 4 6 7 |  7.7
Armour         | 3 4 |  4.8
Dodging        | |  2.0
Stealth        | |  2.0

Action                   |  1- 3 |  4- 6 |  7- 9 || total
-------------------------+-------+-------+-------++-------
Melee: Club              |    12 |       |       ||    12
       Short sword       |    48 |    67 |       ||   115
       Unarmed           |       |     2 |       ||     2
       Dagger            |       |     6 |    49 ||    55
       Long sword        |       |       |    19 ||    19
 Cast: Magic Dart        |    48 |    45 |    33 ||   126
       Dazzling Spray    |     1 |     2 |    12 ||    15
       Searing Ray       |       |    18 |    10 ||    28
       Iskenderun's Myst |       |     3 |    41 ||    44
Invok: Divine Energy     |       |       |     1 ||     1
Evoke: Wand              |       |     3 |       ||     3
  Use: Scroll            |       |     4 |     5 ||     9
       Potion            |       |     2 |     1 ||     3
 Stab: Sleeping          |     3 |     6 |       ||     9
       Distracted        |       |     1 |       ||     1
       Petrifying        |       |       |     1 ||     1
  Eat: Chunk             |     3 |     6 |    15 ||    24
       Meat ration       |       |     1 |       ||     1
Armor: Robe              |    11 |    17 |    14 ||    42
       Ring mail         |       |       |    10 ||    10
Dodge: Dodged            |    42 |    49 |    75 ||   166
       Rpst.: Long sword |       |       |     7 ||     7
